 Dungeon Crawl Stone Soup version 0.27.0-1-g7a089689b8 (webtiles) character file.

Game seed: 1578290548018131423

221 horus123 the Ruffian (level 5, -12/70 (79) HPs)
             Began as a Troll Berserker on Aug 16, 2021.
             Was a Believer of Trog.
             Mangled by a wight (15 damage)
             ... on level 4 of the Dungeon.
             The game lasted 00:04:15 (1706 turns).

horus123 the Ruffian (Troll Berserker)              Turns: 1706, Time: 00:04:15

HP:   -12/70 (79)   AC:  4    Str: 26    XL:     5   Next: 65%
MP:   4/4           EV: 10    Int:  3    God:    Trog [**....]
Gold: 79            SH:  0    Dex:  9    Spells: 4/4 levels left

rFire    . . .     SeeInvis .     - Unarmed
rCold    . . .     Faith    .   (no shield)
rNeg     . . .     Spirit   .   a - +0 animal skin
rPois    .         Reflect  .   (helmet restricted)
rElec    .         Harm     .   (no cloak)
rCorr    .         Rampage  .   (gloves unavailable)
Will     ++...                  (boots unavailable)
Stlth    ..........             b - amulet of regeneration
HPRegen  3.21/turn              (no ring)
MPRegen  0.09/turn              (no ring)

@: berserking, strong-willed, regenerating, heavily drained, very quick
A: large, unfitting armour, claws 3, regeneration 1, shaggy fur 1, tough skin 1
a: Renounce Religion, Berserk, Trog's Hand


You were on level 4 of the Dungeon.
You worshipped Trog.
Trog was pleased with you.
You visited 1 branch of the dungeon, and saw 4 of its levels.

You collected 79 gold pieces.

Inventory:

Missiles
 j - a throwing net (quivered)
Armour
 a - a +0 animal skin (worn)
Jewellery
 b - an amulet of regeneration (around neck)
 f - a ring of protection from cold
Scrolls
 d - a scroll of magic mapping
 g - a scroll of enchant weapon
 h - a scroll of teleportation
Potions
 c - a potion of curing {unknown}
 e - a potion of magic {unknown}
 i - a potion of flight {unknown}


   Skills:
 + Level 3.0 Fighting
 + Level 3.3 Dodging
 + Level 0.3 Stealth
 + Level 5.2 Unarmed Combat


You had 4 spell levels left.
You didn't know any spells.
Your spell library was empty.

Dungeon Overview and Level Annotations

Branches:
Dungeon (4/15)
 Temple: D:4-7

Altars:
Gozag

Annotations:
D:4 Dowan, Duvessa


Innate Abilities, Weirdness & Mutations

You are too large for most types of armour.
You have claws for hands.
Your natural rate of healing is unusually fast.
You are covered in fur. (AC +1)
You have tough skin. (AC +1)


Message History

A wight comes into view. It is wielding a +3 mace.
The wight moves out of view. 3 wights come into view.
A wight is wielding a +0 morningstar of protection.
The wight misses you.
You claw the wight!
You destroy the wight!
Trog accepts your kill.
An adder comes into view.
Your Unarmed Combat skill increases to level 5!
Duvessa and Dowan come into view.
Dowan is wielding a +0 dagger and wearing a +1 robe of willpower.
Dowan shouts!
The adder hisses angrily.
An iguana comes into view.
The wight hits you from afar with a +6 spear!
You feel drained.
Things that are here:
a +0 mace; a +0 robe A kobold comes into view.
It is wielding a +0 whip.
The kobold shouts!
The iguana hisses angrily.
Duvessa shouts!
The wight hits you with a +3 mace!
You feel drained. The wight hits you with a +6 spear!
* * * LOW HITPOINT WARNING * * *
You feel drained.
* * * LOW HITPOINT WARNING * * *
Your skin crawls.
You feel strong-willed. The wight hits you with a +6 spear!
* * * LOW HITPOINT WARNING * * *
A red film seems to cover your vision as you go berserk!
You feel yourself moving faster!
You feel mighty! The wight hits you with a +3 mace.
* * * LOW HITPOINT WARNING * * *
You feel drained.
* * * LOW HITPOINT WARNING * * *
You claw the wight!
You destroy the wight!
Trog accepts your kill. The wight hits you with a +6 spear!
You die...

#........ #........ #
#........ #....
#ee......
..###...##...K....
#.......##...l....
#..##...##Sz......
#..........@zz.....
####..#
#....##).......
#..<.#
#........(..###
#...## #..........##
#...# ##...#.#####
##..)######...#...
#....†........#####..
.....#..>............
.....#.#####.######..


You could see Duvessa, Dowan, an iguana, 3 wights, an adder and a kobold.

Vanquished Creatures
  A phantom (D:4)
  2 wights (D:4)
  4 adders
  3 dart slugs
  4 ball pythons
  4 endoplasms
  4 giant cockroaches
  6 goblins
  10 hobgoblins
  2 quokkas
  4 bats
  5 frilled lizards
  4 kobolds
  7 rats
60 creatures vanquished.

Vanquished Creatures (others)
  4 plants (D:1)
4 creatures vanquished.

Grand Total: 64 creatures vanquished

Notes
Turn   | Place    | Note
-------+----------+-------------------------------------------
     0 | D:1      | horus123 the Troll Berserker began the quest for the Orb.
     0 | D:1      | Reached XP level 1. HP: 22/22 MP: 0/0
   397 | D:1      | Reached XP level 2. HP: 29/29 MP: 1/1
   838 | D:1      | Found a faded altar of an unknown god.
   886 | D:2      | Reached ** piety under Trog
   887 | D:2      | Reached XP level 3. HP: 36/36 MP: 2/2
  1148 | D:2      | You fall into a shaft and drop 1 floor!
  1253 | D:3      | Reached XP level 4. HP: 44/44 MP: 3/3
  1299 | D:3      | Found an opulent altar of Gozag.
  1338 | D:3      | Reached skill level 4 in Unarmed Combat
  1655 | D:4      | Noticed a phantom
  1661 | D:4      | Killed a phantom
  1662 | D:4      | Reached XP level 5. HP: 53/53 MP: 4/4
  1702 | D:4      | Reached skill level 5 in Unarmed Combat
  1702 | D:4      | Noticed Duvessa
  1702 | D:4      | Noticed Dowan
  1704 | D:4      | HP: 1/48 [wight (12)]
  1706 | D:4      | Mangled by a wight

Illustrated notes

Levels and vault maps discovered:
D:1:      minmay_arrival_four_circles, layout_basic, serial_glass,
          glass_columns_a, glass_columns_a, dilly_ecumenical_altar_fadedgnrine,
          minmay_tiny_reverse_x
D:2:      layout_loops_ring, serial_shops, nicolae_diamond_shop,
          chequers_arboretum, uniq_crazy_yiuf_cottage
D:3:      layout_basic, lemuel_coloured_pillars_altar
D:4:      cheibrodos_quashed, layout_rooms, lightli_temple_of_fire, minivault_1,
          uniq_duvessa, uniq_ijyb, uniq_pikel

Skill      XL: |  1  2  3  4  5 |
---------------+----------------+-----
Dodging        | 3 |  3.3
Unarmed Combat | 4 5 |  5.2
Fighting       | 3 |  3.0
Stealth        | |  0.3

Action                   |  1- 3 |  4- 6 || total
-------------------------+-------+-------++-------
Melee: Unarmed           |   103 |    54 ||   157
       Punch             |     1 |       ||     1
Invok: Berserk           |       |     1 ||     1
       Trog's Hand       |       |     1 ||     1
  Use: Scroll            |     4 |     1 ||     5
 Stab: Distracted        |       |     1 ||     1
Armor: Animal skin       |    39 |    13 ||    52
Dodge: Dodged            |    45 |    22 ||    67
